AoeStats
← elrisas

Arabian Desert

509990913Analyzed
1v1 RM · 5d ago on Sep 28, 2026· 29m 10s· 2 players
Game mode
Random Map
Map size
Tiny (2 player)
Population
200
Speed
Normal
Resources
Standard
Victory
Conquest
Starting age
Dark Age
Ending age
Imperial Age
RankedLock teamsTeams togetherTeam positionsShared explorationLock speedFull tech treeHidden civsTurbo modeCheats
Victory
Defeat
🇧🇷 Varangians · Brazil
914
+17
🇦🇷 Portuguese · Argentina
938
-17
Kiel
10:45 Feudal Age
11:16 Man-at-Arms
12:25 Scale Mail Armor
14:45 Loom
15:47 Horse Collar
21:42 Castle Age
21:18 Forging
23:54 Gambesons
24:10 Squires
23:57 Arson
25:39 Chain Mail Armor
27:01 Iron Casting
29:47 Wheelbarrow
elrisas
6:32 Loom
9:40 Feudal Age
10:10 Town Watch
10:11 Double-Bit Axe
25:23 Castle Age
24:36 Man-at-Arms
25:49 Scale Mail Armor
26:00 Forging
26:46 Wheelbarrow
26:23 Bow Saw
26:36 Long Swordsman
Connection lost

Rejoining the realm…

Still unreachable

The connection could not be restored.

Session expired

The server has moved on; the page needs a fresh start.